 Dungeon Crawl Stone Soup version 0.27-a0-1189-gb8eb6cee8e (webtiles) character file.

Game seed: 8736653162397828097

8 polve the Skirmisher (level 2, -1/24 HPs)
             Began as a Demonspawn Fighter on May 22, 2021.
             Killed by nerve-wracking pain
             ... invoked by a shadow imp
             ... summoned by Natasha
              (7 damage)
             ... on level 2 of the Dungeon.
             The game lasted 00:00:24 (619 turns).

polve the Skirmisher (Demonspawn Fighter)            Turns: 619, Time: 00:00:25

Health: -1/24      AC:  7    Str: 16    XL:     2   Next: 0%
Magic:  0/2        EV:  6    Int:  9    God:
Gold:   12         SH:  8    Dex: 12    Spells: 1/1 levels left

rFire    . . .     SeeInvis .   a - +0 rapier
rCold    . . .     Faith    .   c - +0 kite shield
rNeg     . . .     Spirit   +   b - +0 scale mail
rPois    .         Reflect  .   (no helmet)
rElec    .         Harm     .   (no cloak)
rCorr    .         Rampage  .   (no gloves)
Will     .....                  j - +0 pair of boots
Stlth    ..........             k - amulet of guardian spirit
HPRegen  0.08/turn              (no ring)
MPRegen  0.08/turn              (no ring)

@: no status effects
A: claws 1
a: no special abilities


You were on level 2 of the Dungeon.
You visited 1 branch of the dungeon, and saw 2 of its levels.

You collected 12 gold pieces.

Inventory:

Hand Weapons
 a - a +0 rapier (weapon)
Armour
 b - a +0 scale mail (worn)
 c - a +0 kite shield (worn)
 j - a +0 pair of boots (worn)
Jewellery
 k - an amulet of guardian spirit (around neck)
Scrolls
 h - 3 scrolls of identify {unknown}
 i - 2 scrolls of immolation {unknown}
Potions
 d - a potion of might
 e - a potion of mutation {unknown}
 f - 2 potions of curing {unknown}
 g - a potion of flight {unknown}


   Skills:
 - Level 3.0 Fighting
 + Level 2.5 Short Blades
 - Level 2.6 Armour
 - Level 2.6 Shields


You had one spell level left.
You didn't know any spells.
Your spell library was empty.

Dungeon Overview and Level Annotations

Branches:
Dungeon (2/15)

Altars:

Shops:
D:1 =

Annotations:
D:2 Natasha


Innate Abilities, Weirdness & Mutations

You have sharp fingernails.


Message History

Found 13 arrows.
h - 3 scrolls labelled YLIKO DIFIVVO (gained 1)
Found a faded altar of an unknown god.
Natasha, Servant of Life and Death comes into view.
Natasha hisses angrily.
Natasha is nearby!
Natasha is nearby!
Natasha howls an incantation.
Natasha glows brightly for a moment.
Natasha casts a spell.
Natasha barely misses you.
A giant cockroach comes into view.
Natasha claws you but does no damage. Natasha claws you.
The shadow imp hits you.
Natasha wildly gestures.
Natasha's front paws start to glow.
Natasha casts a spell at you. You resist with significant effort.
You block the shadow imp's attack. You block Natasha's attack.
The shadow imp barely misses you.
Natasha wildly gestures.
You feel troubled. Natasha claws you. The shadow imp hits you.
You block Natasha's attack.
The shadow imp hits you but does no damage.
Natasha casts a spell at you. You resist with significant effort.
You block the shadow imp's attack. The giant cockroach closely misses you.
Natasha claws you! The shadow imp hits you.
The giant cockroach barely misses you. Natasha claws you but does no damage.
The shadow imp barely misses you. You block the giant cockroach's attack.
Natasha claws you.
* * * LOW HITPOINT WARNING * * *
The shadow imp hits you.
* * * LOW HITPOINT WARNING * * *
The giant cockroach bites you but does no damage.
You block the giant cockroach's attack. You block Natasha's attack.
The shadow imp gestures at you. Pain shoots through your body!
You die...

###..#.# #..........
#......###.#.#.##...
#.#.#.###.#.........
#.#......##....##...
#.###.#.###....# .#
#.....#.......... #
#####.#...........#
#.B..(.##...###.#
#@#.##.##.... .#
#..h5.......#.## #
#.#?#.##.##.# #
#.#.#.# .# . # #.#..
#_#### #.# #.#


You could see Natasha, a shadow imp (summoned) and a giant cockroach.

Vanquished Creatures
  An endoplasm (D:1)
  A giant cockroach (D:1)
  A goblin (D:1)
  A hobgoblin (D:2)
  A kobold (D:1)
  A ball python (D:1)
  A bat (D:1)
7 creatures vanquished.

Notes
Turn   | Place    | Note
-------+----------+-------------------------------------------
     0 | D:1      | polve the Demonspawn Fighter began the quest for the Orb.
     0 | D:1      | Reached XP level 1. HP: 18/18 MP: 1/1
   488 | D:1      | Found Doduhela's Jewellery Boutique.
   543 | D:2      | Gained mutation: You have sharp fingernails. [demonic
                  | ancestry]
   543 | D:2      | Reached XP level 2. HP: 24/24 MP: 2/2
   597 | D:2      | Found a faded altar of an unknown god.
   602 | D:2      | Noticed Natasha
   619 | D:2      | Killed from afar by a shadow imp

Illustrated notes

Levels and vault maps discovered:
D:1:      saegor_arrival_simple_c, layout_rooms, serial_shops,
          nicolae_shop_behind_doors
D:2:      minmay_chambers_of_ones, layout_loops_ring, basic_ecumenical_altar,
          minmay_increasing_density, uniq_natasha

Skill      XL: |  1 |
---------------+----+-----
Short Blades   | 2 |  2.5
Fighting       | |  3.0
Armour         | |  2.6
Shields        | |  2.6

Action                   || total
-------------------------++-------
Melee: Rapier            ||    16
Armor: Scale mail        ||     6
Dodge: Dodged            ||    11
Block: Kite shield       ||    17

Table legend: (Time is in decaauts)
 A = Elapsed time spent in this place.
 B = Non-inter-level travel time spent in this place.
 C = Inter-level travel time spent in this place.
 D = Time resting spent in this place.
 E = Time spent auto-exploring this place.
 F = Levels seen in this place.
 G = Mean time per level.
                   A        B        C        D        E       F      G
               +--------+--------+--------+--------+--------+-----+--------+
         Total |    624 |    591 |     33 |      0 |    514 |   2 |  312.0 |
       Dungeon |    624 |    591 |     33 |      0 |    514 |   2 |  312.0 |
               +--------+--------+--------+--------+--------+-----+--------+

Top non-repeatable levels by time:
     D:1: 533 daAuts
     D:2: 91 daAuts
